 Dungeon Crawl Stone Soup version 0.31-a0-691-g409c26aa35 (webtiles) character file.

Game seed: 13068989150185562038

7 iamoutofideas the Chopper (level 2, 0/25 HPs)
             Began as a Hill Orc Gladiator on Sept 7, 2023.
             Slain by a ball python (1 damage)
             ... on level 1 of the Dungeon.
             The game lasted 00:00:05 (18 turns).

iamoutofideas the Chopper (Hill Orc Gladiator)        Turns: 18, Time: 00:00:06

Health: 0/25       AC:  4    Str: 16    XL:     2   Next: 0%
Magic:  2/2        EV: 12    Int:  8    God:
Gold:   0          SH:  0    Dex: 12    Spells: 1/1 levels left

rFire   . . .        a - +0 war axe
rCold   . . .        (no shield)
rNeg    . . .        b - +0 leather armour
rPois   .            c - +0 helmet
rElec   .            (no cloak)
rCorr   .            (no gloves)
SInv    .            (no boots)
Will    .....        (no amulet)
Stlth   +            (no ring)
HPRegen 0.24/turn    (no ring)
MPRegen 0.08/turn

%: no passive effects
@: no status effects
A: no striking features
a: no special abilities


You were on level 1 of the Dungeon.
You visited 1 branch of the dungeon, and saw 1 of its levels.

Inventory:

Hand Weapons
 a - a +0 war axe (weapon)
Missiles
 d - 3 throwing nets (quivered)
 e - a javelin
Armour
 b - a +0 leather armour (worn)
 c - a +0 helmet (worn)


   Skills:
 + Level 2.6 Fighting
 + Level 4.1 Axes
 + Level 1.9 Throwing
 + Level 2.5 Dodging


You had one spell level left.
You didn't know any spells.
Your spell library was empty.

Dungeon Overview and Level Annotations

Branches:
Dungeon (1/15)

Altars:


Message History

The jackal barely misses you.
The giant cockroach waves its antennae.
The jackal misses you. The jackal completely misses you.
You barely miss the jackal. You closely miss the jackal. x2
The jackal closely misses you. The jackal bites you. x2
A hobgoblin comes into view.
The ball python bites you. The ball python misses you. The jackal bites you. x2
The jackal barely misses you.
Unknown command.
You are too injured to fight recklessly!
Unknown command.
You are too injured to fight recklessly!
You are too injured to fight recklessly!
You are too injured to fight recklessly!
You closely miss the jackal. x2; You hit the jackal.
You kill the jackal!
You barely miss the ball python. The jackal closely misses you.
The jackal bites you but does no damage.
The ball python closely misses you. x2; The ball python bites you.
The ball python grabs you. The ball python constricts you.
You closely miss the jackal. You closely miss the ball python.
You slash the jackal!
You kill the jackal!
You closely miss the ball python.
The jackal bites you but does no damage.
The ball python closely misses you. The ball python bites you.
* * * LOW HITPOINT WARNING * * *
The ball python constricts you.
* * * LOW HITPOINT WARNING * * *
The jackal bites you but does no damage.
The jackal closely misses you.
The ball python bites you but does no damage.
You have reached level 2!
You hit the jackal but do no damage. You slash the ball python!
You kill the ball python!
You barely miss the ball python. You closely miss the jackal.
The jackal bites you.
* * * LOW HITPOINT WARNING * * *
The jackal barely misses you. The ball python bites you.
You die...

#### ###
#>.###<#
#.....##
##...##
##...#
##...##
#..(..#
#....##
#.#@h##
#.Sh).#
###Bg.#
.g.##
.(..
......
......
......!.


You could see 2 jackals, a giant cockroach, a hobgoblin, a goblin and a ball
python.

Vanquished Creatures
  A ball python (D:1)
  A goblin (D:1)
  4 jackals (D:1)
6 creatures vanquished.

Notes
Turn   | Place    | Note
-------+----------+-------------------------------------------
     0 | D:1      | iamoutofideas the Hill Orc Gladiator began the quest for
                  | the Orb.
     0 | D:1      | Reached XP level 1. HP: 18/18 MP: 1/1
    18 | D:1      | Reached XP level 2. HP: 3/25 MP: 2/2
    18 | D:1      | HP: 1/25 [jackal (2)]
    18 | D:1      | Slain by a ball python

Illustrated notes

Levels and vault maps discovered:
D:1:      minmay_arrival_jagged, layout_rooms, serial_glass, glass_columns_a,
          glass_columns_a

Action                     || total
---------------------------++-------
  Melee: War axe           ||     8
 Armour: Leather armour    ||    16
  Dodge: Dodged            ||    17

Table legend: (Time is in decaauts)
 A = Elapsed time spent in this place.
 B = Non-inter-level travel time spent in this place.
 C = Inter-level travel time spent in this place.
 D = Time resting spent in this place.
 E = Time spent auto-exploring this place.
 F = Levels seen in this place.
 G = Mean time per level.
                   A        B        C        D        E       F      G
               +--------+--------+--------+--------+--------+-----+--------+
         Total |     20 |     20 |      0 |      0 |      6 |   1 |   20.0 |
       Dungeon |     20 |     20 |      0 |      0 |      6 |   1 |   20.0 |
               +--------+--------+--------+--------+--------+-----+--------+

Top non-repeatable levels by time:
     D:1: 20 daAuts
